 Dungeon Crawl Stone Soup version 0.19.5 (webtiles) character file.

1253 Jerry the Ruffian (level 8, 0/79 HPs)
             Began as a Troll Monk on May 14, 2017.
             Slain by a killer bee (5 damage)
             ... on level 5 of the Dungeon.
             The game lasted 00:15:26 (3876 turns).

Jerry the Ruffian (Troll Monk)                      Turns: 3876, Time: 00:15:27

Health: 0/79       AC:  7    Str: 20    XL:     8   Next: 26%
Magic:  7/7        EV: 11    Int:  6    God:
Gold:   224        SH:  0    Dex: 14    Spells: 0 memorised, 7 levels left

rFire  + . .     SeeInvis +       - Unarmed
rCold  . . .     Gourm    +     h - +0 troll leather armour {Purgy}
rNeg   . . .     Faith    .     (no shield)
rPois  .         Spirit   .     (helmet restricted)
rElec  .         Reflect  .     (no cloak)
rCorr  .         Harm     .     (gloves unavailable)
MR     .....                    (boots unavailable)
Stlth  ++........               (no amulet)
                                A - ring of see invisible
                                x - ring of protection from fire

@: lethally poisoned (0 -> -7)
A: unfitting armour, claws 3, fast metabolism 3, gourmand, regeneration 1,
shaggy fur 1, tough skin 2
a: no special abilities


You were on level 5 of the Dungeon.
You were completely stuffed.

You visited 1 branch of the dungeon, and saw 5 of its levels.
You also visited: Sewer.

You collected 224 gold pieces.

Inventory:

Hand Weapons
 n - a +0 blowgun
Missiles
 o - 10 poisoned needles
Armour
 h - a +0 troll leather armour (worn) {Purgy}
Jewellery
 x - a ring of protection from fire (left claw)
 y - an uncursed ring of fire
 A - a ring of see invisible (right claw)
Wands
 C - a wand of confusion (39/48)
Scrolls
 a - 2 scrolls of remove curse
 c - 2 scrolls of identify
 i - 2 scrolls of teleportation
 l - 3 scrolls of enchant weapon {unknown}
 p - 3 scrolls of amnesia {unknown}
 v - a scroll of magic mapping
Potions
 d - 4 potions of agility
 e - a potion of flight
 g - 2 potions of cure mutation
 j - a potion of brilliance
 m - 2 potions of ambrosia
 r - 2 potions of lignification {unknown}
 t - a potion of might {unknown}
 u - 2 potions of cancellation {unknown}
 B - a potion of haste {unknown}
Books
 f - a book of Changes

   Spells                             Type                      Level
   a - Beastly Appendage              Transmutation                1
   b - Sticks to Snakes               Transmutation                2
   c - Spider Form                    Transmutation/Poison         3
   d - Ice Form                       Ice/Transmutation            4
   e - Blade Hands                    Transmutation                5
 q - a book of Debilitation

   Spells                             Type                      Level
   a - Corona                         Hexes                        1
   b - Slow                           Hexes                        2
   c - Gell's Gravitas                Hexes/Translocation          3
   d - Inner Flame                    Hexes/Fire                   3
   e - Cause Fear                     Hexes                        4
   f - Leda's Liquefaction            Hexes/Earth                  4
 s - a book of Conjurations

   Spells                             Type                      Level
   a - Magic Dart                     Conjuration                  1
   b - Searing Ray                    Conjuration                  2
   c - Dazzling Spray                 Conjuration/Hexes            3
   d - Fulminant Prism                Conjuration/Hexes            4
   e - Iskenderun's Mystic Blast      Conjuration                  4
   f - Iskenderun's Battlesphere      Conjuration/Charms           5
Comestibles
 b - 4 bread rations
 k - 2 fruits
 w - a chunk of flesh
 z - a meat ration


   Skills:
 + Level 4.3 Fighting
 + Level 1.8 Armour
 - Level 3.6 Dodging
 + Level 2.9 Stealth
 * Level 7.1 Unarmed Combat


You had 7 spell levels left.
You didn't know any spells.

Dungeon Overview and Level Annotations

Branches:
Dungeon (5/15)
 Temple: D:4-7

Altars:
Cheibriados
Dithmenos
Fedhas
Nemelex Xobeh
Trog
Uskayaw
The Shining One

Shops:
D:5 =


Innate Abilities, Weirdness & Mutations

You are too large for most types of armour.
You have claws for hands.
Your metabolism is lightning-fast.
You like to eat raw meat.
Your natural rate of healing is unusually fast.
You are covered in fur. (AC +1)
You have very tough skin. (AC +2)


Message History

* * * LOW HITPOINT WARNING * * *
You are more poisoned.
The killer bee poisons you! The killer bee misses you.
You scratch the killer bee but do no damage.
You feel sick. The killer bee closely misses you. The killer bee stings you.
* * * LOW HITPOINT WARNING * * *
You are lethally poisoned!
The killer bee poisons you!
You miss the killer bee.
* * * LOW HITPOINT WARNING * * *
You feel sick. The killer bee barely misses you.
You miss the killer bee.
* * * LOW HITPOINT WARNING * * *
You feel very sick.
The killer bee stings you but does no damage. x2
You claw the killer bee!
The killer bee is heavily wounded.
* * * LOW HITPOINT WARNING * * *
You feel sick. The killer bee barely misses you. The killer bee stings you.
You die...

###########...#####.......(#
#<.........................#
############.#.####........#
### #.#.# #........# ...
##.#.####..####### #.#
###..#.#....##
#..##...##.#..###
#....####....#
###..y@......#
#...########## ......###
...### .y


You could see a killer bee.

Vanquished Creatures
  Purgy (Sewer)
  An ice beast (D:5)
  A phantom (D:5)
  An ogre (D:3)
  5 killer bees (D:5)
  A howler monkey (D:4)
  3 hounds
  5 orc priests (D:4)
  2 iguanas
  5 orc wizards (D:4)
  2 worker ants
  2 adders
  A river rat (D:3)
  3 oozes (D:1)
  An adder skeleton (D:4)
  3 worms
  A dart slug (D:2)
  3 leopard geckos
  11 orcs
  7 giant cockroaches
  5 goblins
  8 hobgoblins
  15 jackals
  4 quokkas
  6 ball pythons
  9 bats
  4 frilled lizards
  11 kobolds
  12 rats
133 creatures vanquished.

Vanquished Creatures (others)
  A wizard (D:3)
1 creature vanquished.

Grand Total: 134 creatures vanquished

Notes
Turn   | Place    | Note
-------+----------+-------------------------------------------
     0 | D:1      | Jerry the Troll Monk began the quest for the Orb.
     0 | D:1      | Reached XP level 1. HP: 22/22 MP: 0/0
     1 | D:1      | Found a runed door.
   324 | D:1      | Reached XP level 2. HP: 29/29 MP: 1/1
   637 | D:1      | Reached XP level 3. HP: 36/36 MP: 2/2
   759 | D:2      | You fall through a shaft!
   855 | D:2      | Reached XP level 4. HP: 44/44 MP: 3/3
  1307 | D:2      | Found a blossoming altar of Fedhas.
  1308 | D:2      | Found a shadowy altar of Dithmenos.
  1387 | D:2      | Found a snail-covered altar of Cheibriados.
  1534 | D:3      | Found a faded altar of an unknown god.
  1534 | D:3      | Noticed an ogre
  1570 | D:3      | Found a bloodstained altar of Trog.
  1695 | D:3      | Found a sparkling altar of Nemelex Xobeh.
  1765 | D:3      | Reached skill level 4 in Unarmed Combat
  2087 | D:3      | Noticed a wizard
  2089 | D:3      | Killed a wizard
  2138 | D:3      | Killed an ogre
  2138 | D:3      | Reached XP level 5. HP: 31/53 MP: 4/4
  2443 | D:4      | Reached XP level 6. HP: 60/61 MP: 5/5
  2450 | D:4      | Reached skill level 5 in Unarmed Combat
  2462 | D:4      | Found a hide-covered altar of Uskayaw.
  2721 | D:4      | Reached XP level 7. HP: 56/68 MP: 6/6
  2805 | D:4      | Reached skill level 6 in Unarmed Combat
  2855 | D:4      | Found a glowing drain.
  2865 | Sewer    | Entered a sewer
  2908 | Sewer    | Noticed Purgy
  2915 | Sewer    | Killed Purgy
  3292 | D:4      | Found a glowing golden altar of the Shining One.
  3493 | D:5      | Entered Level 5 of the Dungeon
  3634 | D:5      | Reached skill level 1 in Armour
  3709 | D:5      | Found Qeros's Jewellery Boutique.
  3777 | D:5      | Reached XP level 8. HP: 70/78 MP: 7/7
  3857 | D:5      | Reached skill level 7 in Unarmed Combat
  3876 | D:5      | Slain by a killer bee

Skill      XL: |  1  2  3  4  5  6  7  8 |
---------------+-------------------------+-----
Fighting       | 3 4 |  4.3
Unarmed Combat | 4 5 6 7 |  7.1
Dodging        | 3 |  3.6
Stealth        | 2 |  2.9
Armour         | 1 |  1.8

Action                   |  1- 3 |  4- 6 |  7- 9 || total
-------------------------+-------+-------+-------++-------
Melee: Unarmed           |   108 |   165 |   114 ||   387
       Punch             |     1 |     4 |     2 ||     7
 Fire: Blowgun           |       |     7 |       ||     7
  Use: Scroll            |       |       |    11 ||    11
 Stab: Sleeping          |       |     2 |     7 ||     9
  Eat: Chunk             |    13 |    17 |    11 ||    41
Armor: Robe              |    38 |    45 |    12 ||    95
       Troll leather arm |       |       |    22 ||    22
Dodge: Dodged            |    71 |    90 |    61 ||   222
